Map: Proxima Station LE

Players

Harstem - Winner!

  • Race: Protoss Protoss
  • Spawn Location: 1:00

Optimus

  • Race: Terran Terran
  • Spawn Location: 7:00

Event: WCS Valencia 2017

VOD

Have the link to the VOD?

Description

Time

  • Played on: July 13, 2017, 1:42 p.m.
  • Length: 19:14

All games in this series

Show
View Real Time Build Order
Export as new Build Order

Harstem Protoss - Winner!

Build Orders: 1 Gate Expand, Oracle Opening, Phoenix Opening 

Get SALT Encoding   

  12  0:02  Probe (Chrono Boost)  
  13  0:12  Probe (Chrono Boost)  
  14  0:21  Pylon  
  14  0:23  Probe (Chrono Boost)  
  15  0:39  Probe (Chrono Boost), Gateway  
  17  0:50  Probe (Chrono Boost)  
  17  0:51  Assimilator  
  17  1:00  Probe (Chrono Boost)  
  18  1:11  Probe (Chrono Boost)  
  19  1:21  Probe (Chrono Boost)  
  20  1:30  Nexus  
  20  1:35  Cybernetics Core  
  20  1:37  Probe (Chrono Boost)  
  21  1:47  Assimilator  
  21  1:48  Probe (Chrono Boost)  
  21  1:53  Pylon  
  22  1:58  Probe (Chrono Boost)  
  23  2:11  Probe (Chrono Boost)  
  23  2:12  Adept (Chrono Boost)  
  26  2:24  Probe  
  26  2:28  Stargate  
  27  2:32  Warp Gate  
  27  2:36  Probe (Chrono Boost), Adept (Chrono Boost)  
  30  2:44  Probe (Chrono Boost)  
  30  2:48  Probe (Chrono Boost)  
  32  2:55  Probe (Chrono Boost)  
  34  2:58  Probe (Chrono Boost)  
  34  3:05  Probe (Chrono Boost)  
  35  3:09  Probe (Chrono Boost)  
  36  3:13  Oracle (Chrono Boost)  
  36  3:14  Probe  
  40  3:20  Probe  
  40  3:22  Gateway  
  40  3:25  Probe  
  40  3:26  Gateway  
  42  3:32  Probe, Pylon  
  43  3:35  Probe  
  44  3:45  Phoenix (Chrono Boost)  
  46  3:49  Probe  
  46  3:51  Mothership Core  
  49  4:00  Probe, Nexus  
  50  4:06  Pylon  
  50  4:11  Probe  
  50  4:12  Probe  
  50  4:14  Phoenix (Chrono Boost)  
  54  4:22  Pylon, Probe  
  55  4:24  Probe  
  56  4:33  Probe  
  56  4:36  Adept  
  56  4:37  Probe, Adept  
  62  4:40  Adept  
  62  4:41  Assimilator  
  62  4:42  Phoenix (Chrono Boost)  
  62  4:43  Probe  
  62  4:44  Assimilator  
  67  4:49  Probe  
  67  4:51  Pylon  
  68  4:54  Probe  
  68  4:59  Forge  
  69  5:01  Probe  
  69  5:03  Twilight Council  
  69  5:06  Pylon  
  70  5:07  Probe  
  70  5:12  Probe  
  70  5:13  Probe  
  73  5:16  Phoenix (Chrono Boost)  
  73  5:18  Probe  
  76  5:26  Probe  
  76  5:27  Adept  
  79  5:29  Probe  
  79  5:30  Probe  
  79  5:33  Protoss Ground Weapons Level 1 (Chrono Boost)  
  81  5:38  Probe  
  81  5:40  Probe  
  82  5:45  Resonating Glaives  
  82  5:46  Probe  
  83  5:50  Probe x2  
  83  5:52  Adept x3  
  83  5:55  Phoenix (Chrono Boost)  
  83  5:56  Probe  
  93  5:59  Pylon  
  93  6:11  Probe  
  93  6:13  Probe  
  93  6:17  Photon Cannon  
  93  6:18  Phoenix (Chrono Boost)  
  97  6:19  Gateway  
  97  6:21  Gateway  
  97  6:23  Gateway  
  97  6:26  Adept  
  97  6:27  Probe  
  97  6:29  Assimilator x2  
  97  6:30  Pylon  
  97  6:32  Gateway  
  100  6:33  Gateway  
  100  6:37  Probe  
  100  6:39  Robotics Facility  
  101  6:42  Pylon  
  101  6:45  Pylon  
  101  6:46  Phoenix (Chrono Boost)  
  103  6:51  Adept x3  
  109  6:57  Pylon  
  109  7:04  Probe  
  109  7:12  Oracle (Chrono Boost)  
  109  7:13  Probe  
  109  7:14  Probe  
  112  7:18  Protoss Ground Armor Level 1 (Chrono Boost), Pylon  
  112  7:20  Forge  
  112  7:27  Warp Prism (Chrono Boost)  
  114  7:32  Robotics Bay  
  114  7:40  Adept x3  
  114  7:42  Adept x3  
  114  7:43  Robotics Facility  
  126  7:45  Pylon  
  126  7:48  Blink  
  126  7:58  Pylon  
  126  8:06  Adept x3  
  126  8:07  Adept x4  
  140  8:18  Pylon  
  140  8:19  Protoss Ground Weapons Level 2 (Chrono Boost)  
  140  8:21  Pylon  
  138  8:29  Disruptor  
  141  8:34  Adept x5  
  141  8:35  Sentry, Stalker  
  141  8:39  Pylon  
  141  8:40  Pylon  
  155  8:41  Pylon  
  155  8:56  Stalker x2  
  155  8:57  Disruptor  
  155  9:02  Photon Cannon  
  162  9:10  Protoss Ground Armor Level 2 (Chrono Boost)  
  162  9:13  Stalker x2, Nexus  
  162  9:14  Stalker x3  
  172  9:17  Pylon  
  172  9:19  Disruptor  
  174  9:30  Pylon, Adept x2  
  178  9:35  Pylon x2  
  178  9:39  Adept x2  
  178  9:42  Adept x2  
  186  9:49  Adept  
  188  9:55  Stalker x2  
  185  10:10  Probe  
  185  10:12  Probe, Adept x3  
  185  10:13  Adept  
  187  10:16  Disruptor  
  186  10:26  Probe  
  182  10:28  Adept x3  
  182  10:31  Probe  
  172  10:43  Photon Cannon  
  172  10:45  Pylon, Stalker x4  
  172  10:46  Probe  
  172  10:47  Probe, Pylon  
  182  10:51  Probe  
  182  10:53  Observer  
  182  10:54  Robotics Facility  
  182  10:56  Pylon  
  182  10:58  Pylon  
  182  11:09  Sentry, Adept  
  182  11:10  Adept x3  
  190  11:22  Adept  
  190  11:23  Adept x2  
  190  11:25  Dark Shrine  
  196  11:27  Protoss Ground Armor Level 3 (Chrono Boost)  
  196  11:28  Protoss Ground Weapons Level 3 (Chrono Boost)  
  196  11:33  Adept x2  
  180  11:48  Stalker x4  
  180  11:49  Stalker x2  
  190  11:54  Stalker x2  
  188  12:02  Probe  
  188  12:04  Probe  
  188  12:06  Photon Cannon  
  188  12:08  Photon Cannon  
  188  12:13  Adept x3  
  188  12:14  Adept  
  196  12:25  Adept x3  
  196  12:26  Adept  
  200  12:35  Adept x3  
  194  12:42  Dark Templar  
  180  12:46  Probe  
  171  12:53  Dark Templar, Adept x2  
  160  13:11  Nexus  
  157  13:13  Adept  
  157  13:19  Dark Templar  
  156  13:25  Probe x2 (Chrono Boost)  
  149  13:29  Probe (Chrono Boost)  
  146  13:37  Observer (Chrono Boost)  
  146  13:39  Observer (Chrono Boost)  
  144  14:05  Observer (Chrono Boost)  
  144  14:08  Stalker x4  
  153  14:14  Stalker x3  
  153  14:43  Stalker x4  
  159  14:50  Probe x2 (Chrono Boost)  
  161  14:53  Probe (Chrono Boost)  
  161  14:55  Probe (Chrono Boost)  
  157  15:04  Adept x2  
  159  15:08  Probe (Chrono Boost)  
  152  15:18  Disruptor  
  151  15:29  Adept x5  
  151  15:31  Probe (Chrono Boost)  
  153  15:47  Stalker x2  
  155  15:54  Adept x4  
  163  16:01  Adept  
  161  16:18  Adept x5  
  161  16:28  Pylon  
  155  16:35  Stalker x2  
  155  16:37  Probe (Chrono Boost)  
  153  16:57  Adept x3  
  159  17:04  Stalker x4  
  159  17:06  Disruptor (Chrono Boost)  
  170  17:12  Observer (Chrono Boost)  
  160  17:31  Sentry x2, Stalker x4  
  172  17:37  Stalker  
  173  17:55  Stalker x3  
  179  18:01  Adept  
  181  18:17  Stalker x3  
  159  18:46  Adept  
  159  18:47  Stalker x3  
  157  19:01  Adept x3  
Show
View Real Time Build Order
Export as new Build Order

Optimus Terran 

Build Orders: Reaper Expand, MMM Bio 

Get SALT Encoding   

  12  0:01  SCV  
  13  0:13  SCV  
  14  0:18  Supply Depot  
  14  0:25  SCV  
  15  0:30  Refinery  
  15  0:40  SCV  
  16  0:46  Barracks  
  16  0:52  SCV  
  17  1:04  SCV  
  18  1:16  SCV  
  19  1:33  Orbital Command, Reaper  
  20  1:45  Command Center  
  20  1:57  Factory  
  20  2:00  SCV  
  21  2:09  Barracks Reactor  
  21  2:11  Supply Depot  
  21  2:15  SCV  
  22  2:20  Refinery  
  22  2:27  SCV  
  23  2:39  SCV  
  23  2:43  Starport  
  24  2:51  SCV, Widow Mine  
  24  2:53  Marine, Widow Mine  
  30  3:02  Orbital Command  
  30  3:05  SCV  
  31  3:11  Marine  
  32  3:17  SCV  
  33  3:20  Widow Mine  
  33  3:22  Widow Mine  
  33  3:25  Viking  
  38  3:28  SCV  
  38  3:32  SCV  
  40  3:36  Marine  
  40  3:39  Supply Depot  
  40  3:40  SCV  
  42  3:47  SCV  
  43  3:48  Widow Mine  
  43  3:52  SCV  
  43  3:54  Supply Depot  
  46  4:00  Medivac, Widow Mine  
  46  4:01  SCV  
  51  4:06  Supply Depot  
  51  4:07  SCV  
  52  4:13  SCV  
  53  4:22  Supply Depot  
  54  4:27  SCV, Command Center  
  54  4:35  Marine  
  54  4:36  Marine  
  54  4:37  Cyclone  
  60  4:39  SCV  
  60  4:42  SCV  
  61  4:51  SCV  
  62  4:53  Barracks x2  
  62  4:54  Marine, SCV  
  62  4:55  Marine  
  65  5:00  Starport Tech Lab  
  65  5:03  SCV, Supply Depot  
  65  5:05  Refinery  
  65  5:06  SCV  
  67  5:10  Factory Tech Lab  
  67  5:12  Marine  
  67  5:13  Marine  
  69  5:15  SCV  
  69  5:18  SCV  
  71  5:26  Engineering Bay  
  71  5:27  SCV, Engineering Bay  
  70  5:28  Starport Reactor  
  70  5:29  Marine  
  70  5:31  Marine  
  70  5:35  SCV  
  71  5:38  Factory Reactor  
  71  5:39  SCV  
  71  5:40  Orbital Command  
  72  5:47  SCV, Combat Shields  
  72  5:48  Stimpack, Marine x2  
  73  5:52  Refinery  
  73  5:53  Terran Infantry Armor Level 1, Marine, Terran Infantry Weapons Level 1  
  73  5:56  Marine  
  75  5:57  SCV  
  75  5:59  SCV  
  75  6:09  SCV  
  75  6:10  Medivac x2  
  80  6:15  Orbital Command, Barracks  
  80  6:17  Barracks  
  80  6:18  Marine x3  
  81  6:19  Marine  
  81  6:22  Widow Mine  
  81  6:24  Widow Mine  
  86  6:26  SCV x2  
  88  6:35  Marine  
  88  6:36  Marine  
  88  6:38  SCV x2, Supply Depot  
  93  6:42  SCV  
  93  6:46  Marauder x2  
  97  6:50  SCV  
  97  6:51  SCV  
  97  6:54  Widow Mine  
  97  6:55  Widow Mine  
  101  7:01  SCV  
  101  7:02  Barracks x2  
  101  7:03  SCV, Barracks  
  101  7:04  Barracks Reactor, Barracks Tech Lab  
  101  7:08  Armory  
  103  7:09  Supply Depot  
  103  7:10  SCV  
  103  7:12  Refinery  
  103  7:13  Marine x2  
  106  7:18  Medivac  
  108  7:23  SCV  
  108  7:25  Supply Depot  
  109  7:30  Medivac  
  109  7:31  Marauder x2, SCV  
  109  7:35  SCV  
  109  7:36  Concussive Shells  
  117  7:39  Supply Depot  
  117  7:40  Supply Depot  
  117  7:46  Marine x4, Widow Mine x2  
  117  7:50  Supply Depot  
  125  7:52  Supply Depot  
  125  7:55  Barracks Tech Lab x3  
  125  7:57  Terran Infantry Armor Level 2, Terran Infantry Weapons Level 2  
  125  8:01  SCV x2  
  125  8:03  Marine  
  125  8:04  Marauder x2, Marine  
  131  8:05  Marine x2  
  131  8:11  Marine  
  134  8:17  Marauder x2  
  134  8:18  Marine, Supply Depot  
  139  8:22  Marauder, Marine  
  139  8:23  Marine x2, Widow Mine x2  
  139  8:25  Marauder, Marine  
  151  8:27  Supply Depot  
  151  8:28  Medivac  
  151  8:33  Marine  
  154  8:36  Marauder  
  154  8:38  Marine  
  154  8:40  Marine x2  
  159  8:43  Marauder x2  
  159  8:46  Marauder  
  165  8:52  Supply Depot  
  165  8:55  Supply Depot  
  165  8:56  Marauder  
  165  8:57  Marauder  
  165  8:59  Marine x3  
  172  9:03  Command Center  
  172  9:11  SCV, Supply Depot  
  172  9:12  Supply Depot  
  172  9:15  Marine  
  180  9:17  Marauder x2  
  180  9:21  Marauder, Marine x2  
  180  9:22  Marauder  
  187  9:27  Medivac  
  187  9:30  Medivac  
  187  9:35  Fusion Core, Starport  
  187  9:36  Marauder, Refinery  
  187  9:37  Marauder  
  193  9:38  Marauder x2  
  193  9:43  Marauder x2  
  193  9:53  Marine  
  193  9:54  SCV  
  193  9:56  Marine  
  193  9:57  Medivac  
  193  9:58  Marauder  
  195  10:00  Medivac  
  195  10:03  Marauder x2  
  195  10:05  Marine  
  187  10:10  Marauder, Marine  
  173  10:14  Starport Tech Lab  
  173  10:17  Marauder  
  173  10:19  Widow Mine  
  164  10:30  Medivac x2  
  164  10:31  Marine x2  
  167  10:39  Marauder x2  
  167  10:40  Marine  
  149  10:47  SCV  
  149  10:49  Liberator  
  150  10:50  Planetary Fortress  
  150  10:56  Medivac  
  152  10:59  SCV  
  151  11:09  Marine x2  
  151  11:11  Marauder  
  158  11:12  Widow Mine  
  158  11:15  SCV x2  
  158  11:16  SCV  
  153  11:22  Marauder x2, Marine x4  
  160  11:27  SCV x2  
  160  11:32  Marauder x2  
  157  11:41  Marauder  
  157  11:46  Marauder x2  
  157  11:47  Widow Mine  
  143  11:48  Medivac  
  143  11:54  Marine  
  143  11:55  Marauder x3, SCV x2  
  143  11:57  SCV  
  143  11:59  Marine  
  143  12:00  Marine  
  153  12:03  Supply Depot  
  153  12:07  Marauder, Marine x2  
  157  12:09  SCV  
  157  12:10  Liberator, SCV  
  157  12:12  Marine  
  157  12:13  Marauder  
  161  12:16  Marauder x2, Marine  
  161  12:17  Marine  
  161  12:19  Marine  
  161  12:21  Liberator  
  169  12:24  Marine  
  169  12:25  Marauder  
  169  12:28  Marauder  
  170  12:30  Marine  
  170  12:34  Marauder x2  
  170  12:35  Marine  
  165  12:41  Marauder x2  
  164  12:44  SCV  
  164  12:47  Marauder  
  164  12:50  Marauder  
  165  12:52  SCV  
  165  12:58  Marine x2  
  155  13:05  Medivac  
  139  13:06  Marine  
  139  13:08  Marine  
  139  13:12  Marine  
  142  13:14  Orbital Command  
  142  13:20  Marine x3  
  142  13:21  Marine  
  142  13:25  Medivac  
  143  13:29  SCV x2  
  136  13:40  Medivac  
  136  13:41  SCV  
  137  13:45  Marauder, Marine  
  137  13:48  SCV  
  139  13:50  Marine  
  139  13:52  Marine  
  139  13:54  SCV  
  142  14:02  Marine x2  
  141  14:04  Medivac x2  
  141  14:06  SCV  
  141  14:08  SCV  
  148  14:10  Marine x2, Medivac  
  148  14:13  Marauder  
  148  14:16  Marauder  
  156  14:19  SCV  
  156  14:21  SCV  
  156  14:24  Marine x2  
  160  14:34  Medivac  
  160  14:37  Marine  
  160  14:38  Marauder x2, Marine x2  
  156  14:43  Marauder  
  156  14:45  SCV  
  158  14:49  Marine x2  
  163  14:58  Marauder, Marine  
  163  14:59  Marauder  
  158  15:01  SCV x2  
  158  15:02  SCV  
  158  15:04  Refinery  
  157  15:07  Liberator x2  
  157  15:08  Marine x3  
  162  15:20  Marauder x2  
  162  15:21  Marine x2  
  158  15:33  Marauder x2, Liberator  
  158  15:34  Marauder  
  158  15:38  Marine x2  
  158  15:39  Marauder  
  158  15:41  Marauder  
  164  15:46  Marine x2  
  166  15:50  Liberator  
  163  16:00  Marauder  
  165  16:05  Marauder x2  
  169  16:15  Liberator  
  139  16:26  Orbital Command  
  139  16:30  Marauder, Marine x2  
  139  16:31  Marauder  
  143  16:35  Marine  
  129  16:40  SCV  
  129  16:43  SCV  
  131  16:52  SCV  
  131  16:53  Liberator  
  132  16:58  SCV x2  
  132  17:00  Liberator  
  127  17:03  Liberator  
  127  17:04  Widow Mine  
  129  17:15  Marine x2  
  132  17:32  Marauder  
  132  17:33  Widow Mine  
  134  17:38  Marauder x3  
  134  17:39  Marine x2  
  142  17:44  Marauder  
  142  17:47  Marauder  
  146  17:54  Marauder  
  138  17:59  Marauder x3  
  138  18:00  Marine x2  
  138  18:05  Medivac  
  145  18:10  SCV  
  145  18:11  SCV  
  125  18:23  Marine x2  
  114  18:34  Orbital Command  
  114  18:36  Medivac  
  110  18:41  Marine x2  
  110  18:43  Medivac  
  110  18:44  Marine x2  
  106  19:02  SCV  
Tags
 
Add a new tag
Caveats
  • Supply blocks, unpowered buildings, or Contaminate may cause inaccurate times.
  • Supply counts are checked every 10 seconds.